 Dungeon Crawl Stone Soup version 0.31-a0-466-g98c9adc2b6 (webtiles) character file.

Game seed: 9696070427409248501

280 HoaS the Skirmisher (level 6, 0/35 HPs)
             Began as a Gargoyle Hunter on Aug 5, 2023.
             Slain by a wraith (2 damage)
             ... in an ossuary.
             The game lasted 00:12:04 (3050 turns).

HoaS the Skirmisher (Gargoyle Hunter)               Turns: 3050, Time: 00:12:05

Health: 0/35       AC:  7    Str: 15    XL:     6   Next: 27%
Magic:  6/6        EV: 11    Int:  9    God:
Gold:   130        SH:  0    Dex: 15    Spells: 5/5 levels left

rFire   . . .        i - +1 orcbow (heavy)
rCold   . . .        (shield currently unavailable)
rNeg    + . .        c - +0 leather armour
rPois   ∞            (no helmet)
rElec   +            (no cloak)
rCorr   .            (no gloves)
SInv    .            (no boots)
Will    .....        (no amulet)
Stlth   ++           (no ring)
HPRegen 0.25/turn    (no ring)
MPRegen 0.10/turn

%: no passive effects
@: slowed, studying Ranged Weapons, invisible (expiring), very slow
A: sickness immunity, AC +4, negative energy resistance 1, electricity
resistance, torment resistance 1, petrification resistance
a: no special abilities


You were in an ossuary.
You visited 1 branch of the dungeon, and saw 4 of its levels.
You also visited: Ossuary.

You collected 130 gold pieces.

Inventory:

Hand Weapons
 i - a +1 heavy orcbow (weapon)
Armour
 c - a +0 leather armour (worn)
Jewellery
 o - a ring of fire
 p - a +6 ring of strength
 s - a +6 ring of intelligence
Wands
 a - a wand of charming (2)
 n - a wand of polymorph (11)
Scrolls
 b - a scroll of butterflies
 h - 3 scrolls of teleportation
 q - a scroll of acquirement
 r - a scroll of identify
Potions
 e - a potion of invisibility
 f - a potion of enlightenment {unknown}
 g - a potion of ambrosia {unknown}
 j - a potion of curing {unknown}
 k - a potion of magic {unknown}
 l - 2 potions of mutation {unknown}
 m - 4 potions of attraction


   Skills:
 - Level 2.1 Fighting
 + Level 8.4 Ranged Weapons
 - Level 1.5 Dodging
 - Level 1.1 Stealth


You had 5 spell levels left.
You didn't know any spells.
Your spell library contained the following spells:

 Spells                   Type           Power      Damage    Failure   Level
 Dispel Undead            Necr           0%         3d6       99%         4
 Death Channel            Necr           0%         N/A       100%        6
 Cigotuvi's Dreadful Rot  Necr/Pois/Air  Unusable   N/A       N/A         2

Dungeon Overview and Level Annotations

Branches:
Dungeon (4/15)            Ossuary (1/1)
 Temple: D:4-7

Altars:
Vehumet
The Shining One

Annotations:
D:3 1 runed translucent door, exclusion: scorpion, Crazy Yiuf, Sigmund


Innate Abilities, Weirdness & Mutations

You are immune to sickness and miasma.
Your stone body is resilient. (AC +4)
You are immune to poison.
You resist negative energy. (rN+)
You are resistant to electric shocks. (rElec)
You are resistant to unholy torment.
You are immune to petrification.


Message History

A wraith comes into view.
Found a scroll of identify.
You shoot an arrow. The arrow barely misses the wraith.
The wraith closely misses you.
You shoot an arrow. The arrow barely misses the wraith.
The wraith hits you! The wraith drains your vigour!
You feel yourself slow down. The wraith closely misses you.
You shoot an arrow. The arrow closely misses the wraith.
The wraith barely misses you. The wraith hits you.
The wraith hits you but does no damage.
You fade into invisibility!
The wraith hits you. The wraith drains your vigour!
You feel as though you will be slow longer.
You feel much better. The wraith hits you. The wraith drains your vigour!
You feel as though you will be slow longer.
The wraith closely misses you.
You shoot an arrow. The arrow hits the wraith!
The wraith is heavily damaged.
The wraith hits you. The wraith drains your vigour!
You feel as though you will be slow longer.
The wraith hits you! The wraith drains your vigour!
You feel as though you will be slow longer.
You shoot an arrow. The arrow barely misses the wraith.
The wraith hits you but does no damage. The wraith hits you!
The wraith barely misses you.
You shoot an arrow.
The arrow hits the wraith but does no damage.
The wraith is heavily damaged.
You flicker for a moment.
The wraith barely misses you. The wraith closely misses you.
You shoot an arrow. The arrow hits the wraith.
The wraith is heavily damaged.
The wraith hits you.
* * * LOW HITPOINT WARNING * * *
The wraith drains your vigour!
You feel as though you will be slow longer.
The wraith hits you.
* * * LOW HITPOINT WARNING * * *
The wraith hits you.
You die...

#...........................
#...........................
#..####......###......####..
#..#.'...8...# #...8...'.# .
#..####......#+#......####..
#............#.#............
#...........................
#..####.####.....####.####..
#..#.'..#?W@..8...+ #..+ #..
#..####.####.....####.####..
#...........................
#............#.#............
#..####......#+#......####..
#..# +...8...# #...8...'.#..
#..####......###......####..
#...........................
#...........................


You could see a wraith.

Vanquished Creatures
  A phantom (D:4)
  A jelly (D:4)
  Ijyb (D:3)
  An orc wizard (D:3)
  A mummy (Ossuary)
  3 adders
  An ufetubus (D:4)
  A worm (D:3)
  A dart slug (D:1)
  3 orcs (D:3)
  5 ball pythons
  4 bats
  8 endoplasms
  5 giant cockroaches
  A gnoll zombie (Ossuary)
  4 goblins
  9 hobgoblins
  6 quokkas
  2 frilled lizards
  4 goblin zombies (Ossuary)
  A hobgoblin zombie (Ossuary)
  7 kobolds
  2 kobold zombies (Ossuary)
  5 rats
77 creatures vanquished.

Notes
Turn   | Place    | Note
-------+----------+-------------------------------------------
     0 | D:1      | HoaS the Gargoyle Hunter began the quest for the Orb.
     0 | D:1      | Reached XP level 1. HP: 12/12 MP: 1/1
   161 | D:1      | Reached XP level 2. HP: 17/17 MP: 2/2
   798 | D:2      | Reached XP level 3. HP: 19/21 MP: 3/3
   809 | D:2      | Noticed a great orb of eyes
   813 | D:2      | Noticed a great orb of eyes
   816 | D:2      | Found a faded altar of an unknown god.
   817 | D:2      | Noticed an eye of devastation
   817 | D:2      | Noticed an eye of devastation
   884 | D:2      | Reached skill level 5 in Ranged Weapons
  1442 | D:2      | Identified a scroll of acquirement
  1442 | D:2      | Acquired a +0 heavy orcbow
  1515 | D:3      | Found a radiant altar of Vehumet.
  1594 | D:3      | Noticed a scorpion
  1631 | D:3      | Noticed Ijyb
  1637 | D:3      | Killed Ijyb
  1638 | D:3      | Reached XP level 4. HP: 26/26 MP: 4/4
  1663 | D:3      | Reached skill level 6 in Ranged Weapons
  1670 | D:3      | Acquired a manual of Ranged Weapons
  1752 | D:3      | Found a runed translucent door.
  1753 | D:3      | Noticed Crazy Yiuf
  1899 | D:3      | Reached XP level 5. HP: 30/30 MP: 5/5
  1901 | D:3      | Noticed Sigmund
  2592 | D:4      | Noticed a phantom
  2606 | D:4      | Killed a phantom
  2607 | D:4      | Reached skill level 7 in Ranged Weapons
  2669 | D:4      | Reached skill level 8 in Ranged Weapons
  2669 | D:4      | Reached XP level 6. HP: 35/35 MP: 6/6
  2801 | D:4      | Found a glowing golden altar of the Shining One.
  2810 | D:4      | Found a sand-covered staircase.
  2815 | Ossuary  | Entered an ossuary
  2815 | Ossuary  | Noticed a wraith
  2815 | Ossuary  | Noticed a wraith
  2815 | Ossuary  | Noticed a wraith
  3041 | Ossuary  | Noticed a wraith
  3050 | Ossuary  | Slain by a wraith

Illustrated notes

Levels and vault maps discovered:
D:1:      nagdon_arrival_zigzag_paths, layout_loops_ring, minmay_door_square,
          nicolae_titane
D:2:      layout_loops_ring, hellmonk_ecumenical_altar_watching_god,
          kennysheep_generic_room_15
D:3:      layout_basic, vehumet_crystals, uniq_sigmund, uniq_crazy_yiuf_cottage,
          uniq_ijyb
D:4:      layout_basic, mainiacjoe_overflow_cross_hatched, enter_ossuary_2,
          columned_hall_lemuel
Ossuary:  ossuary_kennysheep_city_of_the_dead

Skill      XL: |  1  2  3  4  5 |
---------------+----------------+-----
Ranged Weapons | 5 6 8 |  8.4
Fighting       | |  2.1
Dodging        | |  1.5
Stealth        | |  1.1

Action                     |  1- 3 |  4- 6 || total
---------------------------+-------+-------++-------
   Fire: Shortbow          |    88 |       ||    88
         Orcbow            |    16 |    87 ||   103
    Use: Scroll            |     7 |     4 ||    11
         Potion            |       |     2 ||     2
 Armour: Leather armour    |     8 |    20 ||    28
  Dodge: Dodged            |    14 |    32 ||    46

Table legend: (Time is in decaauts)
 A = Elapsed time spent in this place.
 B = Non-inter-level travel time spent in this place.
 C = Inter-level travel time spent in this place.
 D = Time resting spent in this place.
 E = Time spent auto-exploring this place.
 F = Levels seen in this place.
 G = Mean time per level.
                   A        B        C        D        E       F      G
               +--------+--------+--------+--------+--------+-----+--------+
         Total |   3151 |   3040 |    111 |     96 |   2449 |   5 |  630.2 |
       Dungeon |   2896 |   2785 |    111 |     69 |   2289 |   4 |  724.0 |
       Ossuary |    254 |    254 |      0 |     27 |    160 |   1 |  254.0 |
               +--------+--------+--------+--------+--------+-----+--------+

Top non-repeatable levels by time:
     D:3: 931 daAuts
     D:1: 794 daAuts
     D:2: 711 daAuts
     D:4: 459 daAuts
 Ossuary: 254 daAuts
